 Dungeon Crawl Stone Soup version 0.26-a0-597-gb535b09 (webtiles) character file.

Game seed: 1972360875110497054

8180 Illumine the Geomancer (level 11, -3/99 HPs)
             Began as a Gargoyle Earth Elementalist on Aug 25, 2020.
             Was a Believer of Vehumet.
             Killed from afar by an ice dragon (16 damage)
             ... with a blast of cold
             ... in an ice cave.
             The game lasted 00:27:19 (13043 turns).

Illumine the Geomancer (GrEE)                      Turns: 13043, Time: 00:27:20

Health: -3/99      AC: 17    Str: 21      XL:     11   Next: 26%
Magic:  4/20       EV: 14    Int: 23 (24) God:    Vehumet [**....]
Gold:   861        SH:  0    Dex: 10      Spells: 13/22 levels left

rFire    . . .     SeeInvis .   u - +4 dire flail (vorpal)
rCold    + . .     Faith    .   (shield currently unavailable)
rNeg     + . .     Spirit   .   r - +0 leather armour {rC+}
rPois    ∞         Reflect  .   I - +2 helmet
rElec    +         Harm     .   s - +0 cloak
rCorr    .                      (no gloves)
MR       .....                  j - +1 pair of boots
Stlth    ..........             E - amulet of magic regeneration
HPRegen  0.26/turn              M - +6 ring of intelligence
MPRegen  0.42/turn              N - +6 ring of strength

@: berserking, very quick
A: deformed body, deterioration 1, negative energy resistance 1, electricity
resistance, strong 1, unbreathing, petrification resistance, rot immunity, AC +8
a: Renounce Religion


You were in an ice cave.
You worshipped Vehumet.
Vehumet was pleased with you.
You visited 3 branches of the dungeon, and saw 11 of its levels.
You also visited: Ice Cave.

You collected 861 gold pieces.

Inventory:

Hand Weapons
 g - a +0 dagger
 i - a +0 spear
 o - a +0 hunting sling
 p - a +0 hand axe of flaming
 u - a +4 vorpal dire flail (weapon)
 Q - the +1 quarterstaff "Wyshra" {holy, Str+2}
   (You found it on level 5 of the Dungeon)

   It has been blessed by the Shining One to cause great damage to the undead
   and demons.
   It affects your strength (+2).
Missiles
 b - 98 stones (quivered)
 c - 30 sling bullets
 d - 17 boomerangs
 e - 39 poisoned darts
Armour
 j - a +1 pair of boots (worn)
 l - a +1 leather armour of fire resistance
 r - a +0 leather armour of cold resistance (worn)
 s - a +0 cloak (worn)
 x - a +0 buckler
 I - a +2 helmet (worn)
Jewellery
 q - an uncursed ring of stealth
 D - an uncursed ring of see invisible
 E - an amulet of magic regeneration (around neck)
 G - a +4 ring of protection
 H - an uncursed ring of positive energy
 L - an uncursed ring of positive energy
 M - a +6 ring of intelligence (left hand)
 N - a +6 ring of strength (right hand)
Wands
 B - a wand of digging (3)
 C - a wand of flame (9)
 K - a wand of iceblast (2)
 R - a wand of acid (11)
 U - a wand of paralysis (7)
Scrolls
 a - 6 scrolls of remove curse
 f - 6 scrolls of teleportation
 n - a scroll of fear
 t - a scroll of enchant armour
 v - 3 scrolls of magic mapping
 y - 7 scrolls of identify
 A - 2 scrolls of blinking {unknown}
 F - 2 scrolls of enchant weapon {unknown}
 O - a scroll of immolation {unknown}
 P - 2 scrolls of random uselessness {unknown}
 X - a scroll of fog {unknown}
Potions
 h - 2 potions of heal wounds
 m - a potion of berserk rage
 w - 4 potions of brilliance
 z - a potion of mutation
 J - a potion of curing {unknown}
 S - 2 potions of flight
 T - a potion of haste
 V - a potion of invisibility {unknown}
Miscellaneous
 W - a phial of floods


   Skills:
 + Level 6.9 Fighting
 - Level 2.4(3.6) Axes
 + Level 4.4(5.1) Maces & Flails
 - Level 1.8(3.4) Staves
 + Level 6.6 Armour
 + Level 5.4 Dodging
 - Level 2.1 Stealth
 - Level 4.3 Shields
 + Level 6.1 Spellcasting
 + Level 6.5 Conjurations
   Level 0.7 Transmutations
 + Level 8.3 Earth Magic
 + Level 1.9 Evocations


You had 13 spell levels left.
You knew the following spells:

 Your Spells              Type           Power        Failure   Level
a - Sandblast             Erth           #####.       1%          1
b - Stone Arrow           Conj/Erth      #####.       1%          3
c - Lee's Rapid Deconstr  Erth           #####.....   9%          5

Your spell library contained the following spells:

 Spells                   Type           Power        Failure   Level
 Shock                    Conj/Air       ###.         2%          1
 Magic Dart               Conj           ####         1%          1
 Searing Ray              Conj           #####.       1%          2
 Passwall                 Tmut/Erth      ####....     2%          2
 Dazzling Flash           Conj/Hex       ###...       8%          3
 Animate Skeleton         Necr           #.....       10%         1
 Apportation              Tloc           #.....       10%         1
 Corona                   Hex            #......      10%         1
 Summon Small Mammal      Summ           #...         10%         1
 Ensorcelled Hibernation  Hex/Ice        #.....       14%         2
 Petrify                  Tmut/Erth      ####....     14%         4
 Fulminant Prism          Conj/Hex       ###.......   26%         4
 Iskenderun's Mystic Bla  Conj/Tloc      ###.....     26%         4
 Confusing Touch          Hex            #.......     28%         3
 Tukima's Dance           Hex            #.......     28%         3


Dungeon Overview and Level Annotations

Branches:
Dungeon (8/15)             Temple (1/1) D:6            Lair (2/6) D:8
  Swamp (0/4) Lair:2        IceCv (1/1)
  Snake: Lair:2-4    Spider: Lair:2-4

Altars:
Ashenzari
Cheibriados
Dithmenos
Elyvilon
Fedhas
Gozag
Hepliaklqana
Kikubaaqudgha
Makhleb
Nemelex Xobeh
Okawaru
Qazlal
Ru
Sif Muna
Trog
Uskayaw
Vehumet
Wu Jian
Xom
Yredelemnul
Zin
The Shining One

Shops:
D:5 ?*

Annotations:
D:4 1 runed translucent door, Hienro's ghost, novice MiAK
D:8 Maggie


Innate Abilities, Weirdness & Mutations

You are resistant to torment.
Your stone body is resilient. (AC +8)
You are immune to poison.
You resist negative energy. (rN+)
You are resistant to electric shocks. (rElec)
You can survive without breathing.
You are immune to petrification.
You are immune to rotting.
Armour fits poorly on your strangely shaped body.
Your body sometimes deteriorates upon taking damage.
Your muscles are strong. (Str +2)


Message History

You barely miss the ice dragon.
The ice dragon is lightly wounded.
The ice dragon completely misses you. The ice dragon closely misses you. x2
You completely miss the ice dragon.
The ice dragon is lightly wounded.
The ice dragon closely misses you.
The ice dragon claws you but does no damage.
The ice dragon completely misses you.
You sock the ice dragon!
The ice dragon is moderately wounded.
The ice dragon breathes frost at you. The blast of cold hits you!! You resist.
* * * LOW HITPOINT WARNING * * *
You sock the ice dragon!
The ice dragon is moderately wounded.
You puncture the ice dragon!
The ice dragon is heavily wounded.
The ice dragon breathes frost at you. The blast of cold hits you! You resist.
You die...

..### ##..###
.## ###..## ≈≈
######...## ≈≈
##......### ≈≈≈
##....####
###### ###
##..#### #$$$$$
##.###..##
$"..$$ #....#.##
$....$ #.##.D@#
......
###..#####
....D.###.##...#
#.....#D.....##
#.D....####
########


You could see an ice dragon (catching breath).

Vanquished Creatures
  An ice dragon (IceCv)
  2 ice statues (IceCv)
  Joseph (D:7)
  A cane toad (Lair:1)
  2 rime drakes (IceCv)
  3 blink frogs (Lair:1)
  Sigmund (D:5)
  Edmund (D:6)
  3 water moccasins (Lair:1)
  2 porcupines (Lair:1)
  2 black bears
  15 ice beasts
  A sky beast (D:7)
  2 orc warriors
  3 ogres
  3 phantoms
  4 crocodiles
  A centaur (D:8)
  3 bullfrogs
  Blork the orc (D:5)
  A scorpion (D:8)
  6 killer bees (D:7)
  5 wights (D:7)
  Crazy Yiuf (D:2)
  2 bullfrog zombies
  3 hounds
  4 orc priests
  Ijyb (D:5)
  4 worker ants
  8 orc wizards
  A worker ant zombie (D:7)
  Robin (D:4)
  4 gnolls (D:3)
  9 adders
  A white imp (D:4)
  An ooze (D:2)
  3 adder skeletons
  5 worms
  2 dart slugs
  5 leopard geckos
  30 orcs
  A ball python (D:4)
  11 bats
  7 giant cockroaches
  17 goblins
  5 hobgoblins
  6 jackals
  9 kobolds
  2 quokkas (D:4)
  4 frilled lizards
  A goblin skeleton (D:4)
  2 goblin zombies (D:4)
  4 hobgoblin zombies (D:4)
  3 kobold skeletons (D:4)
  A kobold zombie (D:4)
  A leopard gecko skeleton (D:5)
  An orc skeleton (D:4)
  10 rats
234 creatures vanquished.

Vanquished Creatures (others)
  A fungus (Lair:1)
1 creature vanquished.

Grand Total: 235 creatures vanquished

Notes
Turn   | Place    | Note
-------+----------+-------------------------------------------
     0 | D:1      | Illumine the Gargoyle Earth Elementalist began the quest
                  | for the Orb.
     0 | D:1      | Reached XP level 1. HP: 10/10 MP: 3/3
   288 | D:1      | Reached XP level 2. HP: 13/16 MP: 1/5
  1063 | D:2      | Found a shimmering altar of Xom.
  1063 | D:2      | Noticed an angel
  1064 | D:2      | Found a glowing silver altar of Zin.
  1070 | D:2      | Reached skill level 1 in Fighting
  1095 | D:2      | Reached skill level 4 in Earth Magic
  1318 | D:2      | Reached XP level 3. HP: 20/20 MP: 6/6
  1499 | D:2      | Learned a level 3 spell: Stone Arrow
  1514 | D:2      | You fall into a shaft and drop 2 floors!
  1716 | D:4      | Found a runed translucent door.
  1728 | D:4      | Noticed Hienro's ghost (novice MiAK)
  1895 | D:3      | Reached XP level 4. HP: 12/25 MP: 4/8
  2139 | D:3      | Reached skill level 1 in Conjurations
  2155 | D:3      | Reached XP level 5. HP: 20/30 MP: 0/9
  2258 | D:3      | Reached skill level 1 in Armour
  2258 | D:3      | Noticed a phantom
  2926 | D:2      | Found a stormy altar of Qazlal.
  2943 | D:2      | Reached skill level 1 in Axes
  3290 | D:2      | Found a runed translucent door.
  3291 | D:2      | Noticed Crazy Yiuf
  3298 | D:2      | Killed Crazy Yiuf
  3298 | D:2      | Reached XP level 6. HP: 26/36 MP: 5/10
  4366 | D:4      | Noticed Robin
  4378 | D:4      | Killed Robin
  4581 | D:4      | Reached XP level 7. HP: 16/40 MP: 7/12
  4899 | D:4      | Reached skill level 1 in Shields
  4899 | D:4      | Reached skill level 5 in Earth Magic
  5263 | D:4      | Found a glowing golden altar of the Shining One.
  5771 | D:5      | Entered Level 5 of the Dungeon
  5803 | D:5      | Noticed Sigmund
  5812 | D:5      | Found an iron altar of Okawaru.
  6102 | D:5      | Killed Sigmund
  6102 | D:5      | Reached XP level 8. HP: 46/46 MP: 0/13
  6145 | D:5      | Noticed Ijyb
  6166 | D:5      | Killed Ijyb
  6223 | D:5      | Found an opulent altar of Gozag.
  6226 | D:5      | Found Gozag's Platinum Reserve.
  6375 | D:5      | Noticed Blork the orc
  6380 | D:5      | Killed Blork the orc
  6659 | D:5      | Found Hileubih's Magic Scroll Boutique.
  6782 | D:5      | Got an iridescent quarterstaff
  6783 | D:5      | Identified the cursed +1 quarterstaff "Wyshra" {holy,
                  | Str+2} (You found it on level 5 of the Dungeon)
  7122 | D:6      | Found a staircase to the Ecumenical Temple.
  7136 | Temple   | Entered the Ecumenical Temple
  7316 | Temple   | Became a worshipper of Vehumet
  7432 | D:6      | Reached skill level 1 in Staves
  7448 | D:6      | Gained mutation: Your body sometimes deteriorates upon
                  | taking damage. [potion of mutation]
  7448 | D:6      | Gained mutation: Armour fits poorly on your strangely
                  | shaped body. [potion of mutation]
  7448 | D:6      | Gained mutation: Your muscles are strong. (Str +2) [potion
                  | of mutation]
  7730 | D:6      | Found a shattered altar of Ashenzari.
  7791 | D:6      | Found a shadowy altar of Dithmenos.
  7854 | D:6      | Noticed Edmund
  7864 | D:6      | Killed Edmund
  7864 | D:6      | Reached skill level 6 in Earth Magic
  7864 | D:6      | Reached XP level 9. HP: 52/52 MP: 1/15
  8621 | D:7      | Reached skill level 1 in Maces & Flails
  8645 | D:7      | Found a shimmering altar of Xom.
  8721 | D:7      | Noticed Joseph
  8739 | D:7      | Killed Joseph
  8904 | D:7      | Reached * piety under Vehumet
  8904 | D:7      | Offered knowledge of Foxfire by Vehumet.
  8987 | D:7      | Reached skill level 5 in Fighting
  9541 | D:7      | Reached skill level 5 in Spellcasting
  9823 | D:7      | Reached skill level 5 in Armour
 10047 | D:8      | Reached skill level 5 in Conjurations
 10047 | D:8      | Reached XP level 10. HP: 59/59 MP: 15/17
 10057 | D:8      | Learned a level 5 spell: Lee's Rapid Deconstruction
 10072 | D:8      | Reached skill level 7 in Earth Magic
 10675 | D:8      | Found a staircase to the Lair.
 10767 | D:8      | Noticed Maggie
 10810 | Lair:1   | Entered Level 1 of the Lair of Beasts
 10815 | Lair:1   | Noticed a cane toad
 10891 | Lair:1   | Killed a cane toad
 11027 | Lair:1   | Offered knowledge of Shock by Vehumet.
 11169 | Lair:1   | Reached ** piety under Vehumet
 11900 | Lair:2   | Found a frozen archway.
 11909 | IceCv    | Entered an ice cave
 11931 | IceCv    | Reached skill level 5 in Dodging
 12355 | IceCv    | Reached skill level 1 in Evocations
 12391 | IceCv    | Reached skill level 8 in Earth Magic
 12440 | IceCv    | Noticed an ice statue
 12440 | IceCv    | Noticed an ice statue
 12492 | IceCv    | Killed an ice statue
 12492 | IceCv    | Reached XP level 11. HP: 26/66 MP: 8/19
 13015 | IceCv    | Noticed an ice dragon
 13015 | IceCv    | Noticed an ice dragon
 13036 | IceCv    | Killed an ice dragon
 13043 | IceCv    | Killed from afar by an ice dragon

Illustrated notes

Levels and vault maps discovered:
D:1:      dpeg_arrival_arbitrary_c, layout_basic
D:2:      cheibrodos_pilgrimage, layout_basic, nicolae_qazlal_general_emergency,
          grunt_temple_overflow_order_and_chaos_1, uniq_crazy_yiuf_cottage
D:3:      minmay_chambers_of_threes, layout_loops_cross
D:4:      layout_basic, nicolae_tso_besieged_by_evil,
          ebering_ghost_reflecting_pool, minmay_a_box_with_orc_wizards_in_it,
          uniq_robin
D:5:      layout_basic, kennysheep_okawaru_gauntlet, serial_shops, shop,
          nicolae_gozag_zags_fifth_avenue, uniq_blork_the_orc, uniq_ijyb,
          uniq_sigmund
D:6:      layout_basic, lemuel_coloured_pillars_altar, old_standard_altar,
          minmay_temple_entry_waves, uniq_edmund
D:7:      layout_loops_ring, basic_altar, uniq_joseph
D:8:      layout_cave_pods, lair_entry_dummy, uniq_maggie
Temple:   regret_index_temple_generic_petals
Lair:1:   layout_chaotic_city, infiniplex_staircase_pool
Lair:2:   layout_chaotic_city, nicolae_swamp_entry_splash_gauntlet,
          nicolae_volcano_entry_batcave, portal_ice_cave_entry_pillars_1,
          serial_bayou_shore_a, lemuel_fruit_fields
IceCv:    ice_cave_small_dragons

Skill      XL: |  1  2  3  4  5  6  7  8  9 10 11 |
---------------+----------------------------------+-----
Fighting       | 1 2 3 4 5 6 |  6.9
Earth Magic    | 4 5 6 8 |  8.3
Dodging        | 2 3 4 5 |  5.4
Conjurations   | 1 2 3 5 6 |  6.5
Armour         | 1 2 3 5 6 |  6.6
Axes           | 1 2 |  2.4
Spellcasting   | 3 4 5 6 |  6.1
Shields        | 2 3 4 |  4.3
Staves         | 1 |  1.8
Maces & Flails | 2 4 |  4.4
Evocations     | 1 |  1.9
Stealth        | |  2.1
Transmutations | |  0.7

Action                   |  1- 3 |  4- 6 |  7- 9 | 10-12 || total
-------------------------+-------+-------+-------+-------++-------
Melee: Unarmed           |    11 |       |       |       ||    11
       Dagger            |    24 |       |       |       ||    24
       Spear             |    39 |       |       |       ||    39
       War axe           |    19 |       |       |       ||    19
       Hand axe          |     5 |   173 |   132 |       ||   310
       Quarterstaff      |       |       |    61 |       ||    61
       Dire flail        |       |       |    56 |    42 ||    98
Throw: Stone             |     2 |       |       |       ||     2
 Cast: Sandblast         |    16 |    63 |    69 |    26 ||   174
       Stone Arrow       |       |       |    43 |    88 ||   131
       Lee's Rapid Decon |       |       |       |     3 ||     3
Evoke: Wand              |       |       |       |     8 ||     8
  Use: Scroll            |     4 |       |     4 |     3 ||    11
       Potion            |       |     1 |     7 |     2 ||    10
 Stab: Sleeping          |     2 |     4 |     2 |       ||     8
       Distracted        |       |       |     1 |       ||     1
Armor: Robe              |    32 |   101 |   114 |       ||   247
       Skin              |       |       |    30 |       ||    30
       Leather armour    |       |       |    26 |    45 ||    71
Dodge: Dodged            |    73 |   158 |   187 |    58 ||   476

Table legend: (Time is in decaauts)
 A = Elapsed time spent in this place.
 B = Non-inter-level travel time spent in this place.
 C = Inter-level travel time spent in this place.
 D = Time resting spent in this place.
 E = Time spent auto-exploring this place.
 F = Levels seen in this place.
 G = Mean time per level.
                   A        B        C        D        E       F      G
               +--------+--------+--------+--------+--------+-----+--------+
         Total |  13145 |  12811 |    334 |   3499 |   6580 |  12 | 1095.4 |
       Dungeon |  10759 |  10487 |    272 |   2534 |   5702 |   8 | 1344.9 |
        Temple |    218 |    181 |     37 |      0 |    167 |   1 |  218.0 |
          Lair |   1033 |   1008 |     25 |    213 |    652 |   2 |  516.5 |
      Ice Cave |   1134 |   1134 |      0 |    752 |     59 |   1 | 1134.0 |
               +--------+--------+--------+--------+--------+-----+--------+

Top non-repeatable levels by time:
     D:4: 1747 daAuts
     D:2: 1724 daAuts
     D:7: 1461 daAuts
     D:3: 1321 daAuts
     D:5: 1255 daAuts
     D:6: 1190 daAuts
   IceCv: 1134 daAuts
     D:1: 1063 daAuts
  Lair:1: 1018 daAuts
     D:8: 994 daAuts
  Temple: 218 daAuts
  Lair:2: 14 daAuts
